 Dungeon Crawl Stone Soup version 0.19.0-20-gbc5f0c6 (console) character file.

174684 Kloppie the Severer (level 17, -1/234 HPs)
             Began as a Grey Draconian Berserker on Nov 16, 2016.
             Was the Champion of Trog.
             Slain by a halberd of freezing (2 damage)
             ... on level 2 of the Elven Halls.
             The game lasted 00:49:01 (29320 turns).

Kloppie the Severer (Grey Draconian Berserker)     Turns: 29320, Time: 00:49:01

Health: -1/234     AC: 26    Str: 25    XL:     17   Next: 45%
Magic:  17/17      EV: 21    Int:  9    God:    Trog [******]
Gold:   504        SH: 16    Dex: 16    Spells: 0 memorised, 16 levels left

rFire  + . .     SeeInvis .     a - +3 broad axe (flame)
rCold  + . .     Gourm    .     (armour unavailable)
rNeg   . . .     Faith    .     u - +2 shield of Resistance {rF+ rC+ MR+}
rPois  +         Spirit   .     (helmet restricted)
rElec  .         Reflect  .     s - +2 cloak
rCorr  .         Harm     .     c - +2 pair of gloves {archery}
MR     ++++.                    J - +0 pair of boots
Stlth  ..........               D - amulet of regeneration
                                W - ring of poison resistance
                                O - +5 ring of protection

@: mighty, berserking (expiring), starving, regenerating, drained, very quick
A: walk through water, unfitting armour, unbreathing, cold-blooded, AC +14
a: Berserk, Trog's Hand, Brothers in Arms, Burn Spellbooks, Renounce Religion


You were on level 2 of the Elven Halls.
You worshipped Trog.
Trog was exalted by your worship.
You were starving.

You visited 5 branches of the dungeon, and saw 27 of its levels.
You also visited: Volcano.

You collected 2616 gold pieces.
You spent 2112 gold pieces at shops.

Inventory:

Hand Weapons
 a - a +3 broad axe of flaming (weapon)
 r - a +3 antimagic executioner's axe
 K - the +14 executioner's axe of Trog's No More Talking {venom, rPois Int-4 SInv}
   (Trog gifted it to you on level 10 of the Dungeon)

   It poisons the flesh of those it strikes.
   It affects your intelligence (-4).
   It protects you from poison.
   It lets you see invisible.
 V - a +4 broad axe of chopping
Armour
 c - a +2 pair of gloves of archery (worn)
 s - a +2 cloak (worn)
 u - the +2 shield of Resistance (worn) {rF+ rC+ MR+}
   (You acquired it on level 10 of the Dungeon)

   It protects you from fire.
   It protects you from cold.
   It affects your resistance to hostile enchantments.
 J - a +0 pair of boots (worn)
Jewellery
 b - the ring "Omerocha" {rF+ rC+ MP+9}
   (You found it on level 6 of the Lair of Beasts)

   [ring of magical power]

   It protects you from fire.
   It protects you from cold.
   It affects your magic capacity (+9).
 x - a +4 ring of evasion
 y - the amulet of the Four Winds {rN+ MR+++ Clar}
   (You bought it in a shop on level 2 of the Orcish Mines)

   [amulet of nothing]

   It protects you from negative energy.
   It affects your resistance to hostile enchantments.
   It protects you against confusion.
 C - an uncursed ring of resist corrosion
 D - an amulet of regeneration (around neck)
 F - an uncursed ring of protection from magic
 N - an uncursed ring of flight
 O - a +5 ring of protection (left hand)
 W - a ring of poison resistance (right hand)
Wands
 h - a wand of flame (17/48)
 p - a wand of random effects (26/48)
 E - a wand of digging (5/24)
 L - a wand of heal wounds (1/9)
 M - a wand of digging (22/24)
 S - a wand of random effects (14/48)
 X - a wand of disintegration (5/24)
Scrolls
 i - 6 scrolls of magic mapping
 l - 10 scrolls of teleportation
 m - a scroll of blinking
 n - 6 scrolls of remove curse
 w - a scroll of summoning
 A - 2 scrolls of fog
 G - 5 scrolls of fear
 P - 2 scrolls of enchant armour
 R - 8 scrolls of recharging
 U - 3 scrolls of identify
 Z - a scroll of enchant weapon
Potions
 e - 12 potions of curing
 f - 5 potions of flight
 g - 3 potions of cancellation
 j - 6 potions of haste
 k - 6 potions of agility
 o - 7 potions of heal wounds
 q - a potion of might
 B - 3 potions of resistance
 H - 2 potions of cure mutation
 I - a potion of invisibility
Books
 Y - a book of the Dragon

   Spells                             Type                      Level
   a - Flame Tongue                   Conjuration/Fire             1
   b - Cause Fear                     Hexes                        4
   c - Bolt of Fire                   Conjuration/Fire             6
   d - Dragon Form                    Transmutation                7
   e - Dragon's Call                  Summoning                    9
   Trog disapproves of the use of such an item.
Comestibles
 d - 20 bread rations
 t - 10 slices of pizza
 v - 5 meat rations
 z - 4 beef jerkies
 Q - 8 fruits
 T - 17 chunks of flesh


   Skills:
 + Level 15.6(14.8) Fighting
 + Level 18.8(18.0) Axes
 - Level 13.2(12.4) Dodging
 - Level 15.2(14.4) Shields


You had 16 spell levels left.
You didn't know any spells.

Dungeon Overview and Level Annotations

Branches:
Dungeon (15/15)            Temple (0/1) D:4            Lair (6/6) D:10
 Shoals (0/4) Lair:2        Snake (2/4) Lair:4        Slime (0/5) Lair:5
    Orc (2/2) D:9             Elf (2/3) Orc:2        Vaults (0/5) D:13
 Depths (0/5) D:15

Altars:
Ashenzari
Cheibriados
Kikubaaqudgha
Trog
The Shining One

Shops:
D:7 :   D:10 ?   D:11 %   D:13 :   Orc:1 ?*:   Orc:2 :[[}}=   Elf:2 ?
Snake:1 %!

Portals:
Trove: D:10 (give +2 ice dragon scales)

Annotations:
Elf:1 exclusion: 2 obsidian statues
Elf:2 exclusion: Roxanne, Roxanne


Innate Abilities, Weirdness & Mutations

You can walk through water.
Your dull iron-grey scales are very hard. (AC +14)
You cannot fit into any form of body armour.
You can survive without breathing.
You are cold-blooded and may be slowed by cold attacks.


Message History

You block the halberd of freezing's attack.
You closely miss the mace of holy wrath.
The mace of holy wrath is heavily damaged.
You miss the halberd of freezing.
The mace of holy wrath barely misses you.
You slash the mace of holy wrath! You burn the mace of holy wrath.
The mace of holy wrath falls from the air.
Trog accepts your kill.
You closely miss the halberd of freezing.
The halberd of freezing hits you!
* * * LOW HITPOINT WARNING * * *
The halberd of freezing freezes you.
* * * LOW HITPOINT WARNING * * *
You slash the halberd of freezing!
Your tail-slap misses the halberd of freezing.
The halberd of freezing is almost destroyed.
The halberd of freezing hits you!
* * * LOW HITPOINT WARNING * * *
The halberd of freezing freezes you.
You die...

##......)))........##
#...................#..
.......................
.......................
.........#.#...........
........#####..........
........# #..........
........## ##..........
.........#.#)†)@.......
...........))).(......
.....................
...............#..
..............## .
.............##
..............#
...............
...............


You could see a halberd of freezing.

Vanquished Creatures
  Agnes (Elf:2)
  A deep elf sorcerer (Elf:1)
  An iron dragon (D:14)
  An orc warlord (Orc:2)
  A deep elf demonologist (Elf:1)
  Azrael (Elf:2)
  A deep elf death mage (Elf:1)
  2 ogre magi
  A fire dragon (Lair:6)
  Josephine (Lair:6)
  2 naga warriors
  Harold (D:10)
  10 hydras
  8 vault guards (D:13)
  3 anacondas
  4 centaur warriors
  2 tengu warriors (D:13)
  Erica (D:10)
  12 dancing weapons
  8 death yaks
  Urug (Lair:4)
  5 shock serpents
  An orc high priest (Orc:1)
  4 naga sharpshooters
  10 deep elf knights
  A hell knight (Volcano)
  A salamander mystic (Snake:2)
  5 skeletal warriors (D:13)
  A wizard (D:14)
  2 sea snakes (Snake:1)
  5 naga ritualists
  16 hill giants
  4 deep elf archers
  3 orc knights
  43 deep elf magi
  10 mana vipers
  A manticore (Lair:2)
  2 orc sorcerers
  3 salamanders
  A wolf spider (Lair:6)
  2 ugly things
  5 necromancers
  3 cyclopes
  4 centaur zombies
  2 molten gargoyles (Volcano)
  30 black mambas
  10 naga magi
  2 guardian serpents
  17 spiny frogs
  5 rime drakes
  A komodo dragon (shapeshifter) (D:15)
  6 komodo dragons
  2 polar bears
  6 two-headed ogres
  9 trolls
  3 meliai (D:14)
  9 slime creatures
  11 blink frogs
  13 hippogriffs
  8 hornets
  4 dream sheep (Lair:5)
  A spriggan (D:13)
  3 water elementals
  A redback (Lair:6)
  4 wraiths (Lair:6)
  8 basilisks
  2 fire bats (Volcano)
  2 large abominations (Elf:1)
  37 yaks
  8 fire elementals
  4 steam dragons
  11 wyverns
  2 hungry ghosts
  3 mottled dragons
  6 wargs
  18 nagas
  2 hell hounds (Elf:2)
  11 porcupines
  18 water moccasins
  55 orc warriors
  3 black bears
  A hornet zombie (D:8)
  A sky beast (D:12)
  2 swamp drakes (Lair:6)
  5 eyes of draining
  2 phantoms
  4 ice beasts
  20 centaurs
  18 ogres
  2 necrophages
  10 wolves
  9 crocodiles
  2 big kobolds
  6 elf zombies (Elf:1)
  2 wyvern zombies
  25 bullfrogs
  3 earth elementals (Elf:1)
  12 scorpions
  2 electric eels
  10 wights
  A howler monkey (D:6)
  5 bullfrog zombies
  9 crimson imps
  5 lava snakes
  2 quasits
  6 hounds
  11 jellies
  23 orc wizards
  3 bullfrog skeletons
  18 orc priests
  A centaur skeleton (D:11)
  21 worker ants
  4 iguanas
  2 yak simulacra (Lair:4)
  3 polar bear simulacra (Lair:4)
  A wolf simulacrum (Lair:4)
  A hound skeleton (D:8)
  3 mummies (D:13)
  17 adders
  7 gnolls
  2 shadow imps
  14 oozes
  An adder skeleton (D:5)
  4 worms
  3 dart slugs
  7 leopard geckos
  101 orcs
  2 ball pythons
  8 giant cockroaches
  7 goblins
  8 hobgoblins
  14 jackals
  24 kobolds
  7 quokkas
  10 bats
  7 frilled lizards
  A leopard gecko skeleton (D:8)
  14 rats
  5 river rat simulacra (Lair:4)
  2 crawling corpses (Elf:1)
  7 fungi
  8 plants
1067 creatures vanquished.

Vanquished Creatures (collateral kills)
  A deep elf mage (Elf:2)
  A fire elemental (Elf:2)
  A hell hound (Elf:2)
  An ogre (Orc:1)
  2 orc priests (Orc:1)
  An orc wizard (Orc:1)
  An orc (Orc:1)
8 creatures vanquished.

Vanquished Creatures (others)
  A dancing weapon (Elf:2)
  2 deep elf magi
  An orc (Orc:2)
  2 bushes (Lair:6)
  37 fungi
  35 plants (Lair:6)
78 creatures vanquished.

Grand Total: 1153 creatures vanquished

Notes
Turn   | Place    | Note
-------+----------+-------------------------------------------
     0 | D:1      | Kloppie the Draconian Berserker began the quest for the Orb.
     0 | D:1      | Reached XP level 1. HP: 19/19 MP: 1/1
    92 | D:1      | Reached XP level 2. HP: 15/27 MP: 2/2
   581 | D:2      | Reached ** piety under Trog
   682 | D:2      | Reached XP level 3. HP: 33/33 MP: 3/3
  1308 | D:3      | Reached XP level 4. HP: 37/41 MP: 4/4
  1413 | D:3      | Reached skill level 4 in Axes
  1489 | D:3      | Found an ancient bone altar of Kikubaaqudgha.
  1489 | D:3      | Found a shattered altar of Ashenzari.
  1710 | D:3      | Reached skill level 5 in Fighting
  1839 | D:3      | Reached *** piety under Trog
  2143 | D:4      | Noticed a phantom
  2221 | D:3      | Killed a phantom
  2221 | D:3      | Reached XP level 5. HP: 43/48 MP: 5/5
  2402 | D:4      | Reached skill level 5 in Axes
  2637 | D:4      | Found a staircase to the Ecumenical Temple.
  2671 | D:4      | Reached XP level 6. HP: 35/57 MP: 6/6
  2882 | D:5      | Entered Level 5 of the Dungeon
  3554 | D:5      | Your scales start taking on a dull iron-grey colour.
  3554 | D:5      | Reached XP level 7. HP: 64/64 MP: 7/7
  3554 | D:5      | Gained mutation: You can survive without breathing. [Grey Draconian growth]
  3556 | D:5      | Reached skill level 6 in Axes
  4339 | D:6      | Reached skill level 7 in Axes
  4392 | D:6      | Reached **** piety under Trog
  4464 | D:6      | Reached XP level 8. HP: 74/74 MP: 8/8
  5226 | D:7      | Reached skill level 8 in Axes
  5620 | D:7      | Found Maxkus's Book Emporium.
  5675 | D:7      | Reached skill level 9 in Axes
  5882 | D:8      | Reached XP level 9. HP: 76/82 MP: 9/9
  6085 | D:8      | Reached skill level 10 in Axes
  6694 | D:9      | Reached skill level 11 in Axes
  6697 | D:9      | Noticed a troll
  6705 | D:9      | Killed a troll
  6810 | D:9      | Noticed a troll
  6821 | D:9      | Killed a troll
  7146 | D:9      | Reached XP level 10. HP: 78/93 MP: 10/10
  7196 | D:9      | Reached skill level 10 in Fighting
  7563 | D:9      | Found a snail-covered altar of Cheibriados.
  7583 | D:9      | Reached ***** piety under Trog
  7621 | D:9      | Found a staircase to the Orcish Mines.
  7706 | D:9      | Found a glowing golden altar of the Shining One.
  7796 | D:9      | Reached skill level 12 in Axes
  7877 | D:10     | Entered Level 10 of the Dungeon
  8190 | D:10     | Found a staircase to the Lair.
  8218 | D:10     | Noticed Harold
  8243 | D:10     | Killed Harold
  8478 | D:10     | Noticed a sea snake
  8526 | D:10     | Noticed a hill giant
  8531 | D:10     | Killed a hill giant
  8590 | D:10     | Received a gift from Trog
  8591 | D:10     | Got a warped executioner's axe {god gift}
  9010 | D:10     | Noticed a sea snake
  9061 | D:10     | Found a portal to a secret trove of treasure.
  9069 | D:10     | Reached skill level 13 in Axes
  9082 | D:10     | Noticed Erica
  9091 | D:10     | Killed Erica
  9091 | D:10     | Reached XP level 11. HP: 104/104 MP: 11/11
  9149 | D:10     | Identified the +14 executioner's axe of Trog's No More Talking {venom, rPois Int-4 SInv} (Trog gifted it to you on level 10 of the Dungeon)
  9280 | D:10     | Found Emasas's Magic Scroll Boutique.
  9288 | D:10     | Bought a scroll of acquirement for 572 gold pieces
  9378 | D:10     | Noticed a hill giant
  9382 | D:10     | Killed a hill giant
  9790 | Lair:1   | Entered Level 1 of the Lair of Beasts
  9838 | Lair:1   | Reached skill level 5 in Dodging
  9843 | Lair:1   | Found a dark tunnel.
  9852 | Volcano  | Entered a volcano
 10220 | Volcano  | Found a bloodstained altar of Trog.
 10220 | Volcano  | Noticed an ogre mage
 10230 | Volcano  | Killed an ogre mage
 10281 | Volcano  | Noticed a hell knight
 10289 | Volcano  | Killed a hell knight
 10463 | Volcano  | Reached skill level 14 in Axes
 10666 | Lair:1   | Noticed an eight-headed hydra
 10673 | Lair:1   | Killed a six-headed hydra
 10770 | Lair:1   | Noticed an eight-headed hydra
 10779 | Lair:1   | Killed a three-headed hydra
 11470 | Lair:2   | Reached XP level 12. HP: 96/111 MP: 12/12
 11472 | Lair:2   | Found a staircase to the Shoals.
 11791 | Lair:2   | Noticed a death yak
 11819 | Lair:2   | Killed a death yak
 11835 | Lair:2   | Noticed a death yak
 11838 | Lair:2   | Noticed a death yak
 11857 | Lair:2   | Killed a death yak
 11860 | Lair:2   | Killed a death yak
 12127 | Lair:2   | Reached skill level 15 in Axes
 12249 | Lair:3   | Received a gift from Trog
 12648 | Lair:3   | Noticed a four-headed hydra
 12660 | Lair:3   | Killed a one-headed hydra
 13149 | Lair:4   | Found a staircase to the Snake Pit.
 13157 | Lair:4   | Reached skill level 10 in Dodging
 13201 | Lair:4   | Noticed a five-headed hydra
 13207 | Lair:4   | Killed a one-headed hydra
 13463 | Lair:4   | Reached XP level 13. HP: 117/117 MP: 13/13
 13667 | Lair:4   | Noticed Urug
 13682 | Lair:4   | Killed Urug
 14022 | Lair:5   | Reached skill level 16 in Axes
 14115 | Lair:5   | Found a staircase to the Slime Pits.
 15188 | Orc:1    | Entered Level 1 of the Orcish Mines
 15215 | Orc:1    | Found Temoidif's Assorted Antiques.
 15259 | Orc:1    | Bought a potion of heal wounds for 130 gold pieces
 15259 | Orc:1    | Bought a scroll of identify for 52 gold pieces
 15259 | Orc:1    | Bought a scroll of enchant weapon for 195 gold pieces
 15313 | Orc:1    | Reached skill level 1 in Shields
 15371 | Orc:1    | Found Myampon's Book Boutique.
 15401 | Orc:1    | Found Naif's Magic Scroll Shoppe.
 15420 | Orc:1    | Received a gift from Trog
 15450 | Orc:1    | Bought a scroll of identify for 24 gold pieces
 15563 | Orc:1    | Found a bloodstained altar of Trog.
 16207 | D:11     | Reached skill level 17 in Axes
 16261 | D:11     | Found Setedgh's Food Shoppe.
 16900 | D:12     | Received a gift from Trog
 16903 | D:12     | Reached skill level 5 in Shields
 17655 | D:13     | Reached XP level 14. HP: 125/125 MP: 14/14
 17863 | Lair:6   | Entered Level 6 of the Lair of Beasts
 17990 | Lair:6   | Received a gift from Trog
 18542 | Lair:6   | Noticed Josephine
 18548 | Lair:6   | Killed Josephine
 18628 | Lair:6   | Reached skill level 18 in Axes
 18887 | Lair:6   | Got a coiled pewter ring
 18889 | Lair:6   | Identified the ring "Omerocha" {rF+ rC+ MP+9} (You found it on level 6 of the Lair of Beasts)
 19218 | Lair:6   | Reached skill level 10 in Shields
 19872 | Orc:2    | Entered Level 2 of the Orcish Mines
 20175 | Orc:2    | Reached ****** piety under Trog
 20184 | Orc:2    | Noticed an orc warlord
 20392 | Orc:2    | Found Qayz's Jewellery Shop.
 20423 | Orc:2    | Received a gift from Trog
 20460 | Orc:2    | Bought the amulet of the Four Winds {rN+ MR+++ Clar} for 358 gold pieces
 20526 | Orc:2    | Reached XP level 15. HP: 39/132 MP: 15/15
 20909 | Orc:2    | Found Lanei's Armour Shop.
 20909 | Orc:2    | Found Tijorgh's Gadget Shoppe.
 20909 | Orc:2    | Found Paladd's Gadget Emporium.
 20912 | Orc:2    | Found Seownesch's Armour Boutique.
 20916 | Orc:2    | Bought a +0 pair of boots for 67 gold pieces
 20944 | Orc:2    | Bought a wand of heal wounds (3/9) for 714 gold pieces
 20990 | Orc:2    | Found Pokloxed's Book Boutique.
 20992 | Orc:2    | Found a staircase to the Elven Halls.
 21231 | Elf:1    | Entered Level 1 of the Elven Halls
 21699 | Elf:1    | Noticed an Ice Fiend
 21858 | Elf:1    | Received a gift from Trog
 21973 | Elf:1    | Identified the Tome of Evil
 21995 | Elf:1    | Noticed a deep elf sorcerer
 22006 | Elf:1    | Killed a deep elf sorcerer
 22133 | Elf:1    | Got a heavily runed golden amulet
 22134 | Elf:1    | Identified the amulet of Jeymafud {Gourm *Slow Dex+5 SInv} (You found it on level 1 of the Elven Halls)
 22403 | Orc:2    | Killed an orc warlord
 22854 | Snake:1  | Entered Level 1 of the Snake Pit
 22860 | Snake:1  | Found Seaniz's Distillery.
 22860 | Snake:1  | Found Cerepucw's Food Shoppe.
 23557 | Snake:1  | Reached skill level 15 in Shields
 24290 | Snake:1  | Reached XP level 16. HP: 119/139 MP: 4/16
 26326 | D:13     | Received a gift from Trog
 26379 | D:13     | Found a gate to the Vaults.
 26491 | D:13     | Found Pock's Book Shoppe.
 27604 | D:15     | Entered Level 15 of the Dungeon
 27620 | D:15     | Found a glowing golden altar of the Shining One.
 27695 | D:15     | Received a gift from Trog
 28038 | D:15     | Found a staircase to the Depths.
 28565 | Elf:2    | Reached XP level 17. HP: 112/154 MP: 17/17
 28750 | Elf:2    | Received a gift from Trog
 28768 | Elf:2    | Found Cir Jir's Magic Scroll Boutique.
 28788 | Elf:2    | Noticed Roxanne
 28931 | Elf:2    | Noticed Agnes
 28939 | Elf:2    | Received a gift from Trog
 28939 | Elf:2    | Reached skill level 15 in Fighting
 28961 | Elf:2    | Killed Agnes
 29122 | Elf:2    | Found a runed gate.
 29122 | Elf:2    | Found a runed gate.
 29123 | Elf:2    | Found a runed gate.
 29278 | Elf:2    | Noticed Azrael
 29296 | Elf:2    | Killed Azrael
 29319 | Elf:2    | HP: 10/234 [halberd of freezing (17)]
 29320 | Elf:2    | HP: 1/234 [halberd of freezing (8)]
 29320 | Elf:2    | Slain by a halberd of freezing

Skill      XL: |  1  2  3  4  5  6  7  8  9 10 11 12 13 14 15 16 17 |
---------------+----------------------------------------------------+-----
Fighting       | 4 5 6 8 9 11 14 15 | 15.6
Axes           | 4 5 7 9 11 13 14 15 17 18 | 18.8
Dodging        | 3 4 7 10 11 13 | 13.2
Shields        | 5 11 15 | 15.2

Action                   |  1- 3 |  4- 6 |  7- 9 | 10-12 | 13-15 | 16-18 || total
-------------------------+-------+-------+-------+-------+-------+-------++-------
Melee: Hand axe          |   130 |   207 |   175 |       |       |       ||   512
       Tailslap          |     7 |    21 |    71 |    94 |   244 |   147 ||   584
       Battleaxe         |       |       |   222 |   272 |       |       ||   494
       Broad axe         |       |       |       |   238 |  1531 |   838 ||  2607
       Morningstar       |       |       |       |     2 |       |       ||     2
Invok: Berserk           |       |     3 |     3 |     7 |    10 |     1 ||    24
       Trog's Hand       |       |       |     2 |       |    10 |     4 ||    16
       Brothers in Arms  |       |       |       |       |     1 |     2 ||     3
Evoke: Wand              |       |       |       |       |       |     2 ||     2
  Use: Scroll            |       |       |     9 |    19 |    10 |     5 ||    43
       Potion            |       |       |       |     1 |     3 |     1 ||     5
 Stab: Sleeping          |     1 |     4 |     1 |     3 |     2 |     1 ||    12
       Held in net/web   |       |       |     2 |       |       |       ||     2
       Distracted        |       |       |       |       |     1 |       ||     1
       Confused          |       |       |       |       |     1 |       ||     1
  Eat: Chunk             |     1 |     8 |    18 |    25 |    38 |     4 ||    94
       Pizza             |       |     1 |       |       |       |       ||     1
       Royal jelly       |       |       |       |     1 |     1 |       ||     2
       Meat ration       |       |       |       |       |     2 |     3 ||     5
Armor: Skin              |    53 |    71 |   136 |   148 |   249 |   148 ||   805
Dodge: Dodged            |    90 |   136 |   385 |   508 |   867 |   310 ||  2296
Block: Shield            |       |       |       |       |   859 |   505 ||  1364
